 Dungeon Crawl Stone Soup version 0.29-a0-1027-gcd8c55af63 (webtiles) character file.

Game seed: 6401947877730479906

33365 spiderkeys the Fighter (level 13, -8/99 HPs)
             Began as an Octopode Berserker on Aug 12, 2022.
             Was an Elder of Trog.
             Mangled by an eight-headed hydra (15 damage)
             ... on level 5 of the Lair of Beasts.
             The game lasted 00:43:02 (27881 turns).

spiderkeys the Fighter (Octopode Berserker)        Turns: 27881, Time: 00:43:02

Health: -8/99      AC:  3    Str: 17    XL:     13   Next: 70%
Magic:  13/13      EV: 20    Int:  9    God:    Trog [****..]
Gold:   944        SH:  5    Dex: 16    Spells: 12/12 levels left

rFire   . . .      SeeInvis .   a - +1 falchion
rCold   . . .      Faith    .   d - +0 buckler
rNeg    . . .      Spirit   .   o - +2 hat
rPois   .          Reflect  .   (no amulet)
rElec   .          Harm     .   C - ring of ice
rCorr   .          Rampage  .   F - ring of fire
Will    .....                   (no ring)
Stlth   ++++......              (no ring)
HPRegen 0.26/turn               (no ring)
MPRegen 0.13/turn               (no ring)
                                (no ring)
                                (no ring)

@: weak-willed
A: almost no armour, amphibious, 8 rings, camouflage 1, gelatinous body 1,
(nimble swimmer 1), tentacles
a: Renounce Religion, Berserk, Trog's Hand, Brothers in Arms


You were on level 5 of the Lair of Beasts.
You worshipped Trog.
Trog was greatly pleased with you.
You visited 2 branches of the dungeon, and saw 15 of its levels.

You collected 944 gold pieces.


Innate Abilities, Weirdness & Mutations

You cannot wear most types of armour.
You are amphibious.
You can wear up to eight rings at the same time.
Your skin changes colour to match your surroundings (Stealth+).
Your rubbery body absorbs attacks. (AC +1, EV +1)
((You are camouflaged when in or above water. (Stealth+)))
You have tentacles for arms and can constrict up to eight enemies at once.


   Skills:
 + Level 13.3 Fighting
 + Level 13.3 Long Blades
 + Level 13.2 Dodging
 - Level 5.0 Stealth
 - Level 5.0 Shields


You had 12 spell levels left.
You didn't know any spells.
Your spell library contained the following spells:

 Spells                   Type           Power      Damage    Failure   Level
 Magic Dart               Conj           0%         1d3       45%         1
 Summon Small Mammal      Summ           0%         N/A       45%         1
 Call Imp                 Summ           0%         N/A       61%         2
 Call Canine Familiar     Summ           0%         N/A       83%         3
 Mephitic Cloud           Conj/Pois/Air  0%         N/A       83%         3
 Stone Arrow              Conj/Erth      0%         3d7       83%         3
 Summon Guardian Golem    Hex/Summ       0%         N/A       83%         3
 Airstrike                Air            0%         2d(0-16)  99%         4
 Summon Lightning Spire   Summ/Air       0%         N/A       99%         4
 Lightning Bolt           Conj/Air       0%         1d11      100%        5
 Orb of Destruction       Conj           0%         9d5       100%        7
 Spellforged Servitor     Conj/Summ      0%         N/A       100%        7
 Lehudib's Crystal Spear  Conj/Erth      0%         10d2      100%        8
 Animate Armour           Summ/Erth      Unusable   N/A       N/A         4

Inventory:

Hand Weapons
 a - a +1 falchion (weapon)
 r - a +0 vorpal long sword
   (You found it on level 2 of the Dungeon)
 y - the +3 falchion of Responsibility {vorpal, *Slow Int+7 SInv}
   (You found it on level 1 of the Lair of Beasts)

   It inflicts extra damage upon your enemies.
   Int:       It affects your intelligence (+7).
   SInv:      It lets you see invisible.
   *Slow:     It may slow you when you take damage.
Missiles
 b - 102 stones (quivered)
 p - 20 poisoned darts
 A - 6 boomerangs
 M - 4 curare-tipped darts {=f}
Armour
 d - a +0 buckler (worn)
   (You found it on level 1 of the Dungeon)
 o - a +2 hat (worn)
   (You found it on level 7 of the Dungeon)
Jewellery
 C - a ring of ice (left tentacle)
   (You found it on level 2 of the Lair of Beasts)
 F - a ring of fire (right tentacle)
   (You found it on level 4 of the Dungeon)
 L - the ring of Qobuc {*Slow Fly rElec rF+ Stlth+}
   (You found it on level 9 of the Dungeon)

   [ring of flight]

   rF:        It protects you from fire.
   rElec:     It insulates you from electricity.
   Fly:       It grants you flight.
   *Slow:     It may slow you when you take damage.
   Stlth:     It makes you more stealthy.
Wands
 j - a wand of flame (10)
   (You took it off a goblin on level 3 of the Dungeon)
 B - a wand of charming (3)
   (You took it off an orc on level 9 of the Dungeon)
 E - a wand of polymorph (7)
   (You found it on level 9 of the Dungeon)
 O - a wand of digging (5)
   (You found it on level 5 of the Lair of Beasts)
Scrolls
 h - a scroll of fear
 i - a scroll of fog
 k - 2 scrolls of poison {!r}
 q - a scroll of vulnerability {!r!r}
 s - a scroll of blinking {!r}
 u - a scroll of enchant weapon
 v - 4 scrolls of amnesia
 w - 2 scrolls of magic mapping {!r}
 x - 3 scrolls of teleportation {@r4}
 I - 4 scrolls of identify {@r1}
 K - a scroll of immolation {!r!r}
Potions
 c - 3 potions of might
 e - 3 potions of lignification {!q}
 f - a potion of haste {unknown}
 g - a potion of flight {unknown}
 l - 4 potions of attraction {!q}
 m - 6 potions of mutation {!q}
 n - a potion of cancellation {unknown}
 t - 5 potions of curing {@q1}
 z - a potion of ambrosia
 G - a potion of degeneration {unknown}
 H - a potion of resistance
 J - 2 potions of brilliance
 P - a potion of invisibility {unknown}

Dungeon Overview and Level Annotations

Branches:
Dungeon (10/15) Zot: 26367  Temple (0/1) D:7            Lair (5/5) D:9 Zot: 16686
 Shoals (0/4) Lair:2        Snake (0/4) Lair:3        Slime (0/5) Lair:4
    Orc: D:9-12

Altars:
Ashenzari
Cheibriados
Dithmenos
Fedhas
Kikubaaqudgha
Makhleb
Ru
Sif Muna
Vehumet
Wu Jian
Yredelemnul
Zin
The Shining One
Jiyva

Shops:
D:2 (   D:8 :

Annotations:
D:7 exclusion: door
Lair:4 4 transporters, flotson's ghost, journeyman DsDe

##....###...# # ## ..
#...P.####..###### #...
........<....#.#.###....
....#...................#
..###...................#
###.....................P
#.....###...............
......# ##...##..D...P..
...#### ##....##@##.#..
... ....#......##...# ..
..#.......##....###..
.........##.........#
P#.#P............#....
#.###...##.#.#### ..# #
#...##...##### ##
.###....#.......#
..................


You could see an eight-headed hydra (weak-willed).


Message History

😨 HP[+9]
You regained 9 hp, and now have 40/99 hp.
You start resting.
You recover from your berserk rage. 😨 HP[+4]
You regained 4 hp, and now have 44/99 hp.
You start resting.
A water moccasin comes into view. 😨 HP[+5]
You regained 5 hp, and now have 49/99 hp.
A water moccasin is nearby!
A water moccasin is nearby!
A water moccasin is nearby! 😮 HP[+1] 😮 HP[+1]
You start resting.
An eight-headed hydra is nearby! 😕 HP[+30]
You regained 30 hp, and now have 81/99 hp.
Okay, then.
Okay, then.
Throw: 6 boomerangs
Press: ? - help, Shift-Dir - straight line, f - eight-headed hydra
Aim: an eight-headed hydra (wandering, hasn't noticed you, 82% to hit)
You throw a boomerang. The eight-headed hydra roars!
The boomerang hits the eight-headed hydra.
Throw: 6 boomerangs
Press: ? - help, Shift-Dir - straight line, f/p - eight-headed hydra
Aim: an eight-headed hydra (lightly wounded, 82% to hit)
You throw a boomerang.
The boomerang hits the eight-headed hydra.
Aiming: Throw Flame
Press: ? - help, Shift-Dir - straight line, f/p - eight-headed hydra
Aim: an eight-headed hydra (lightly wounded, 89% to hit)
The puff of flame hits the eight-headed hydra! 😕 HP[+1] That's the wrong kind of item! (Use * to select it.) Evoke which item? (* to show all) (? for menu, Esc to quit)
Okay, then.
Aiming: Throw Flame
Press: ? - help, Shift-Dir - straight line, f/p - eight-headed hydra
Aim: an eight-headed hydra (lightly wounded, 89% to hit)
The puff of flame hits the eight-headed hydra.
Okay, then.
Okay, then.
Aiming: Polymorph
Press: ? - help, Shift-Dir - straight line, f/p - eight-headed hydra
Aim: an eight-headed hydra (lightly wounded, will become a tyrant leech, a sea snake, or a harpy, chance to affect: 17%)
Okay, then.
Unknown command.
Okay, then.
Really read
q - 2 scrolls of vulnerability {!r!r}?
Really read the scroll of vulnerability?
As you read the scroll of vulnerability {!r!r}, it crumbles to dust.
Magic quickly surges around you.
Aiming: Polymorph
Press: ? - help, Shift-Dir - straight line, f/p - eight-headed hydra
Aim: an eight-headed hydra (lightly wounded, weak-willed, will become a tyrant leech, a sea snake, or a harpy, chance to affect: 39%)
The eight-headed hydra resists with some effort.
You block the eight-headed hydra's attack.
The eight-headed hydra bites you! x3
* * * LOW HITPOINT WARNING * * *
The eight-headed hydra closely misses you.
The eight-headed hydra barely misses you.
You block the eight-headed hydra's attack.
The eight-headed hydra bites you.
* * * LOW HITPOINT WARNING * * *
😨 HP[-39]
You take 39 damage, and now have 43/99 hp.
MASSIVE DAMAGE!! (PAUSE)
Aiming: Polymorph
Press: ? - help, Shift-Dir - straight line, f/p - eight-headed hydra
Aim: an eight-headed hydra (lightly wounded, weak-willed, will become a tyrant leech, a sea snake, or a harpy, chance to affect: 39%)
The eight-headed hydra resists with some effort.
The eight-headed hydra completely misses you.
The eight-headed hydra bites you!
* * * LOW HITPOINT WARNING * * *
You block the eight-headed hydra's attack.
The eight-headed hydra misses you.
The eight-headed hydra closely misses you. x2
You block the eight-headed hydra's attack.
The eight-headed hydra completely misses you. 😨 HP[-12]
You take 12 damage, and now have 31/99 hp.
Aiming: Polymorph
Press: ? - help, Shift-Dir - straight line, f/p - eight-headed hydra
Aim: an eight-headed hydra (lightly wounded, weak-willed, will become a tyrant leech, a sea snake, or a harpy, chance to affect: 39%)
The eight-headed hydra resists with some effort.
The eight-headed hydra bites you.
* * * LOW HITPOINT WARNING * * *
The eight-headed hydra barely misses you.
The eight-headed hydra bites you!
* * * LOW HITPOINT WARNING * * *
The eight-headed hydra misses you.
The eight-headed hydra barely misses you.
The eight-headed hydra misses you. The eight-headed hydra bites you!
* * * LOW HITPOINT WARNING * * *
The eight-headed hydra bites you!
You die...

Skill      XL: |  1  2  3  4  5  6  7  8  9 10 11 12 13 |
---------------+----------------------------------------+-----
Shields        | 1 2 3 4 5 |  5.0
Fighting       | 4 5 6 8 9 10 12 13 | 13.3
Long Blades    | 4 5 6 8 9 10 12 13 | 13.3
Dodging        | 4 5 6 8 9 10 12 13 | 13.2
Stealth        | 2 5 |  5.0

Action                   |  1- 3 |  4- 6 |  7- 9 | 10-12 | 13-15 || total
-------------------------+-------+-------+-------+-------+-------++-------
Melee: Falchion          |    59 |    87 |   212 |   653 |   243 ||  1254
       Constrict         |    18 |    19 |    42 |    86 |    31 ||   196
       Tentacles         |    11 |    18 |    61 |   211 |    83 ||   384
       Punch             |     1 |     1 |     5 |    14 |     4 ||    25
Throw: Dart              |       |       |    50 |    63 |    13 ||   126
       Stone             |       |       |     1 |       |       ||     1
       Throwing net      |       |       |       |     2 |       ||     2
       Boomerang         |       |       |       |    17 |     2 ||    19
Invok: Berserk           |       |     3 |     4 |    17 |     6 ||    30
       Trog's Hand       |       |     1 |     1 |       |       ||     2
Evoke: Wand              |       |     2 |     4 |    30 |    13 ||    49
  Use: Scroll            |     2 |     6 |     9 |    10 |     4 ||    31
       Potion            |       |       |     1 |     1 |     3 ||     5
 Stab: Sleeping          |     5 |     4 |     6 |    13 |       ||    28
       Distracted        |     1 |       |       |     3 |       ||     4
       Betrayed ally     |       |       |       |       |     1 ||     1
Armor: Skin              |     5 |     4 |     5 |    40 |    19 ||    73
Dodge: Dodged            |    35 |    47 |   110 |   409 |   204 ||   805
Block: Buckler           |     7 |    12 |    39 |   119 |    54 ||   231

Levels and vault maps discovered:
D:1:      roderic_dead_forest, layout_rooms
D:2:      layout_loops_corners, serial_rivers, chequers_serial_rivers_room_a,
          chequers_serial_rivers_micro_a, chequers_serial_rivers_micro_b,
          chequers_serial_rivers_small_a, chequers_serial_rivers_room_b,
          chequers_serial_rivers_small_a, serial_shops, shop,
          shapermc_ecumenical_altar_notcrosses
D:3:      layout_rooms, mainiacjoe_overflow_small_starburst,
          vehumet_altar_wand_db, serial_bayou, serial_bayou_pond_a,
          serial_bayou_shore_b, serial_bayou_lake_a, serial_bayou_pond_e
D:4:      layout_loops_ring, mainiacjoe_overflow_chevrons,
          nicolae_ru_awakened_eye
D:5:      layout_basic, nicolae_sif_muna_condensation, kennysheep_little_box,
          chequers_arboretum
D:6:      layout_basic, nicolae_water_bricks, chequers_jeans,
          uniq_blork_the_orc, uniq_prince_ribbit1
D:7:      wad_pebble_path, layout_basic,
          chequers_temple_overflow_statue_of_worship,
          mainiacjoe_overflow_boulevard, minmay_temple_entry_wispy,
          wad_floor_pattern_untrapped, minmay_joined_circles, uniq_duvessa
D:8:      layout_rooms, nzn_wu_jian_council_hall, st_stairs_11,
          nicolae_shop_i_like_big_books, wad_floor_pattern_1
D:9:      layout_grid_maze, mainiacjoe_overflow_tiny_flanked,
          grunt_dithmenos_shadows, lair_entry_dummy, uniq_harold
D:10:     dragon1_lemuel, layout_irregular_city, zin_statuary, serial_ice,
          serial_ice_o, serial_ice_c, serial_ice_h, serial_ice_e, serial_ice_a,
          serial_ice_b, serial_ice_g
Lair:1:   layout_loops_ring
Lair:2:   layout_gridlike, elwin_shoals_entry_rooms, grunt_megastairs_4
Lair:3:   layout_misc_corridors, minmay_snake_entry_guardpost_medium,
          minivault_23, chequers_serial_rivers_micro_a,
          cheibrodos_lair_reptile_den
Lair:4:   gammafunk_cloud_chamber, layout_cellular_growth, slime_entry_1,
          gammafunk_ghost_hive, serial_bayou_ford_a, serial_bayou_shore_a
Lair:5:   guppyfry_lair_end_dragon, layout_regular_city,
          hangedman_lair_tendril_chambers, uniq_josephine

Notes
Turn   | Place    | Note
-------+----------+-------------------------------------------
     0 | D:1      | spiderkeys the Octopode Berserker began the quest for the
                  | Orb.
     0 | D:1      | Reached XP level 1. HP: 16/16 MP: 1/1
     0 | D:1      | magus.rc [v1.11.3]
   117 | D:1      | Reached XP level 2. HP: 10/21 MP: 2/2
  1039 | D:2      | Reached XP level 3. HP: 20/26 MP: 3/3
  1184 | D:2      | Reached skill level 1 in Shields
  1377 | D:2      | Found a faded altar of an unknown god.
  1387 | D:2      | Reached ** piety under Trog
  1507 | D:2      | You pick up a book of Minor Magic {forbidden} and begin
                  | reading...
  1507 | D:2      | You add the spells Magic Dart, Call Imp and Mephitic Cloud
                  | to your library.
  1687 | D:2      | Found Vumiq's Weapon Shoppe.
  1792 | D:2      | You pick up a book of Dangerous Friends {forbidden} and
                  | begin reading...
  1792 | D:2      | You add the spells Summon Guardian Golem, Orb of
                  | Destruction and Spellforged Servitor to your library.
  1834 | D:2      | Reached XP level 4. HP: 31/31 MP: 4/4
  2205 | D:3      | Found a radiant altar of Vehumet.
  2235 | D:3      | You pick up a book of Dangerous Friends {forbidden} and
                  | begin reading...
  2382 | D:3      | Found a blossoming altar of Fedhas.
  2775 | D:4      | Found a broken altar of Ashenzari.
  2967 | D:4      | Reached XP level 5. HP: 29/37 MP: 5/5
  2969 | D:4      | Reached skill level 2 in Shields
  3195 | D:4      | Reached skill level 4 in Fighting
  3195 | D:4      | Reached skill level 4 in Long Blades
  3195 | D:4      | Reached skill level 4 in Dodging
  3399 | D:4      | Reached XP level 6. HP: 43/43 MP: 6/6
  3840 | D:4      | You fall into a shaft and drop 2 floors!
  3855 | D:6      | HP: 13/66 [centaur (4)]
  3858 | D:6      | HP: 4/66 [iguana (4)]
  3860 | D:6      | Reached skill level 3 in Shields
  4458 | D:6      | Noticed Blork the orc
  4468 | D:6      | Killed Blork the orc
  4469 | D:6      | Reached XP level 7. HP: 49/49 MP: 7/7
  4662 | D:5      | Entered Level 5 of the Dungeon
  4774 | D:5      | Found a shimmering blue altar of Sif Muna.
  4905 | D:4      | Found a sacrificial altar of Ru.
  5145 | D:4      | You pick up a book of Callings {forbidden} and begin
                  | reading...
  5145 | D:4      | You add the spells Summon Small Mammal and Call Canine
                  | Familiar to your library.
  5248 | D:5      | Reached skill level 5 in Fighting
  5297 | D:5      | Reached skill level 5 in Long Blades
  5297 | D:5      | Reached skill level 5 in Dodging
  5556 | D:5      | Found a snail-covered altar of Cheibriados.
  5571 | D:5      | You pick up a book of Armaments {forbidden} and begin
                  | reading...
  5571 | D:5      | You add the spells Stone Arrow and Lehudib's Crystal Spear
                  | to your library.
  6205 | D:6      | Reached skill level 4 in Shields
  6205 | D:6      | Reached XP level 8. HP: 36/55 MP: 8/8
  6953 | D:6      | Noticed Prince Ribbit
  6964 | D:6      | Killed Prince Ribbit
  7044 | D:6      | Reached skill level 6 in Fighting
  7044 | D:6      | Reached skill level 6 in Long Blades
  7044 | D:6      | Reached skill level 6 in Dodging
  7059 | D:6      | Reached skill level 5 in Shields
  7346 | D:6      | Reached *** piety under Trog
  7689 | D:7      | Found an ancient bone altar of Kikubaaqudgha.
  7691 | D:7      | Found a glowing golden altar of the Shining One.
  7747 | D:7      | Reached XP level 9. HP: 55/63 MP: 9/9
  7862 | D:7      | Found a staircase to the Ecumenical Temple.
  7953 | D:7      | Found a basalt altar of Yredelemnul.
  8301 | D:7      | Noticed Duvessa
  8301 | D:7      | Noticed Dowan
  8324 | D:7      | Reached skill level 7 in Fighting
  8487 | D:7      | Reached skill level 7 in Long Blades
  8491 | D:7      | Reached skill level 7 in Dodging
  8583 | D:7      | Killed Duvessa
  8590 | D:7      | Killed Dowan
  9611 | D:7      | Identified the +0 pair of boots "Yxzenej" {Int+3 Dex+4}
  9650 | D:8      | Noticed a cyclops
  9947 | D:8      | Killed a cyclops
  9948 | D:8      | Reached skill level 8 in Fighting
  9948 | D:8      | Reached skill level 8 in Long Blades
  9948 | D:8      | Reached skill level 8 in Dodging
  9948 | D:8      | Reached XP level 10. HP: 67/72 MP: 10/10
 10699 | D:8      | Found an ornate altar of the Wu Jian Council.
 11157 | D:8      | Found Moil Ida's Tremendous Tomes.
 11539 | D:9      | Noticed Harold
 11551 | D:9      | Killed Harold
 11980 | D:9      | Paralysed by a hornet for 1 turns
 11982 | D:9      | Reached skill level 9 in Fighting
 12068 | D:9      | Identified the ring of Qobuc {*Slow Fly rElec rF+ Stlth+}
 12133 | D:9      | Noticed a two-headed ogre
 12157 | D:9      | Killed a two-headed ogre
 12158 | D:9      | Reached skill level 9 in Long Blades
 12158 | D:9      | Reached skill level 9 in Dodging
 12283 | D:9      | Found a burning altar of Makhleb.
 12283 | D:9      | Noticed a two-headed ogre
 12650 | D:9      | Reached skill level 1 in Stealth
 13162 | D:9      | Reached **** piety under Trog
 13325 | D:9      | Found a staircase to the Lair.
 13426 | D:9      | Found a shadowy altar of Dithmenos.
 13438 | D:9      | Reached skill level 2 in Stealth
 13969 | D:10     | Entered Level 10 of the Dungeon
 14008 | D:10     | Reached XP level 11. HP: 78/78 MP: 11/11
 14135 | D:10     | Reached skill level 3 in Stealth
 14444 | D:10     | Found a glowing silver altar of Zin.
 14468 | D:10     | You pick up a book of Storms {forbidden} and begin
                  | reading...
 14468 | D:10     | You add the spells Airstrike, Summon Lightning Spire and
                  | Lightning Bolt to your library.
 14583 | Lair:1   | Entered Level 1 of the Lair of Beasts
 14635 | Lair:1   | Identified the +3 falchion of Responsibility {vorpal, *Slow
                  | Int+7 SInv}
 14695 | Lair:1   | Reached skill level 4 in Stealth
 15491 | Lair:1   | Reached skill level 10 in Fighting
 15491 | Lair:1   | Reached skill level 5 in Stealth
 15495 | Lair:1   | Reached skill level 10 in Long Blades
 15501 | Lair:1   | Reached skill level 10 in Dodging
 15572 | Lair:1   | Identified the +0 chain mail of Hepliaklqana's Reproof
                  | {Str+4}
 17697 | Lair:1   | Reached XP level 12. HP: 89/89 MP: 12/12
 17884 | Lair:2   | Reached skill level 11 in Fighting
 17884 | Lair:2   | Reached skill level 11 in Long Blades
 18120 | Lair:2   | Reached skill level 11 in Dodging
 18139 | Lair:2   | HP: 33/135 [yak (9)]
 18145 | Lair:2   | HP: 31/135 [poisoned by a water moccasin]
 18925 | Lair:2   | Found a staircase to the Shoals.
 19689 | Lair:3   | Found a staircase to the Snake Pit.
 20268 | Lair:4   | Noticed a four-headed hydra
 20281 | Lair:4   | HP: 29/135 [ten-headed hydra (11)]
 20281 | Lair:4   | HP: 9/135 [ten-headed hydra (12)]
 20282 | Lair:4   | Killed an 11-headed hydra
 21024 | Lair:4   | Found a transporter.
 21454 | Lair:4   | Found a viscous altar of Jiyva.
 21455 | Lair:4   | Found a staircase to the Slime Pits.
 21455 | Lair:4   | Noticed a death yak
 21488 | Lair:4   | Noticed a five-headed hydra
 21490 | Lair:4   | Noticed a death yak
 21557 | Lair:4   | Noticed flotson's ghost (journeyman DsDe)
 21706 | Lair:4   | Found a transporter.
 21706 | Lair:4   | Found a transporter.
 21785 | Lair:4   | HP: 21/90 [rime drake (2)]
 22456 | Lair:5   | Entered Level 5 of the Lair of Beasts
 22602 | Lair:4   | Upgraded the game from 0.29-a0-1023-g6ae1a4a2c7 to
                  | 0.29-a0-1027-gcd8c55af63
 22602 | Lair:4   | magus.rc [v1.11.3]
 22680 | Lair:4   | Noticed a death yak
 22684 | Lair:4   | Noticed a death yak
 22738 | Lair:4   | Killed a death yak
 22754 | Lair:4   | HP: 19/136 [six-headed hydra (16)]
 22756 | Lair:4   | Killed an eight-headed hydra
 22757 | Lair:4   | Reached skill level 12 in Fighting
 22757 | Lair:4   | Reached skill level 12 in Long Blades
 22757 | Lair:4   | Reached skill level 12 in Dodging
 22784 | Lair:4   | Killed a death yak
 23091 | Lair:4   | Killed a death yak
 23099 | Lair:4   | HP: 12/91 [death yak (21)]
 23104 | Lair:4   | Killed a death yak
 23481 | Lair:4   | Found a transporter.
 23876 | Lair:5   | Reached XP level 13. HP: 63/98 MP: 13/13
 24132 | Lair:5   | Paralysed by a hornet for 1 turns
 26517 | Lair:5   | Reached skill level 13 in Fighting
 26517 | Lair:5   | Reached skill level 13 in Long Blades
 26535 | Lair:5   | HP: 17/99 [elephant (15)]
 26537 | Lair:5   | Reached skill level 13 in Dodging
 27881 | Lair:5   | HP: 18/99 [eight-headed hydra (11)]
 27881 | Lair:5   | HP: 7/99 [eight-headed hydra (11)]
 27881 | Lair:5   | Mangled by an eight-headed hydra

Vanquished Creatures
  Harold (D:9)
  3 hydras
  A two-headed ogre (D:9)
  4 death yaks (Lair:4)
  A wolf spider (Lair:5)
  A cyclops (D:8)
  4 elephants
  8 black mambas
  14 cane toads
  4 komodo dragons
  6 rime drakes
  3 polar bears
  Prince Ribbit (D:6)
  7 dream sheep (Lair:5)
  7 blink frogs
  3 hornets
  8 wyverns
  A wraith (D:10)
  21 yaks
  A shadow (D:9)
  3 steam dragons
  A redback (Lair:5)
  4 nagas (Lair:3)
  An acid dragon (D:9)
  22 water moccasins
  Duvessa (D:7)
  An ice beast (D:7)
  2 orc warriors (D:6)
  A sky beast (D:8)
  2 black bears
  10 wolves
  4 centaurs
  2 phantoms
  Blork the orc (D:6)
  2 kobold brigands
  2 gnoll sergeants
  9 bullfrogs
  2 necrophages (D:7)
  2 scorpions
  3 wights (D:10)
  Dowan (D:7)
  An electric eel (D:6)
  5 howler monkeys
  3 hounds
  3 gnoll boudas
  A jelly (D:4)
  7 orc priests
  7 iguanas
  12 orc wizards
  2 centaur simulacra (D:10)
  9 adders
  16 gnolls
  2 shadow imps (D:6)
  A white imp (D:7)
  A howler monkey simulacrum (D:10)
  2 ufetubi
  2 worms
  4 dart slugs
  32 orcs
  6 ball pythons
  6 bats
  7 endoplasms
  3 giant cockroaches
  6 goblins
  4 hobgoblins
  5 quokkas
  4 frilled lizards
  9 kobolds
  4 rats
339 creatures vanquished.

Vanquished Creatures (collateral kills)
  A hydra (Lair:5)
1 creature vanquished.

Vanquished Creatures (others)
  An orc wizard (D:4)
  50 fungi
  101 plants
152 creatures vanquished.

Grand Total: 492 creatures vanquished

Table legend:
 A = Non-vault XP
 B = Vault XP
 C = Vault XP percentage of total XP
 D = Non-vault monster count
 E = Vault monster count
 F = Vault count percentage of total count
                 A         B        C        D         E       F
            +---------+---------+-------+---------+---------+-------
      Total |   35811 |   11854 |  24.9 |     277 |      64 |  18.8
            +---------+---------+-------+---------+---------+-------
        D:1 |      31 |       0 |   0.0 |      17 |       0 |   0.0
        D:2 |      68 |       0 |   0.0 |      17 |       0 |   0.0
        D:3 |      50 |       2 |   3.8 |      14 |       1 |   6.7
        D:4 |     362 |       0 |   0.0 |      23 |       0 |   0.0
        D:5 |     269 |       0 |   0.0 |      16 |       0 |   0.0
        D:6 |    1165 |     376 |  24.4 |      18 |       2 |  10.0
        D:7 |     471 |    1444 |  75.4 |       8 |      16 |  66.7
        D:8 |     897 |     764 |  46.0 |      17 |       3 |  15.0
        D:9 |    2060 |    1083 |  34.5 |      37 |       2 |   5.1
       D:10 |     659 |     369 |  35.9 |      11 |       5 |  31.2
     Lair:1 |    7512 |       0 |   0.0 |      34 |       0 |   0.0
     Lair:2 |    4551 |     140 |   3.0 |      22 |       1 |   4.3
     Lair:3 |      93 |    1264 |  93.1 |       1 |      11 |  91.7
     Lair:4 |    8863 |     755 |   7.8 |      17 |       4 |  19.0
     Lair:5 |    8760 |    5657 |  39.2 |      25 |      19 |  43.2
            +---------+---------+-------+---------+---------+-------

Illustrated notes

Table legend:
 A = Kills in this place as a percentage of kills in entire the game.
 B = Kills by you in this place as a percentage of kills by you in the entire game.
 C = Kills by friends in this place as a percentage of kills by friends in the entire game.
 D = Other kills in this place as a percentage of other kills in the entire game.
 E = Experience gained in this place as a percentage of experience gained in the entire game.
 F = Experience gained in this place divided by the number of levels of this place that you have seen.
                   A       B       C       D       E      F
               +-------+-------+-------+-------+-------+----------------------
         Total | 100.0 | 100.0 | 100.0 | 100.0 | 100.0 | 3177.7
       Dungeon |  60.7 |  60.8 |   0.0 | 100.0 |  21.1 | 1007.0
          Lair |  39.3 |  39.2 | 100.0 |   0.0 |  78.9 | 7519.0
               +-------+-------+-------+-------+-------+----------------------

Table legend: (Time is in decaauts)
 A = Elapsed time spent in this place.
 B = Non-inter-level travel time spent in this place.
 C = Inter-level travel time spent in this place.
 D = Time resting spent in this place.
 E = Time spent auto-exploring this place.
 F = Levels seen in this place.
 G = Mean time per level.
                   A        B        C        D        E       F      G
               +--------+--------+--------+--------+--------+-----+--------+
         Total |  28033 |  27172 |    861 |  11212 |  12510 |  15 | 1868.9 |
       Dungeon |  14720 |  14137 |    583 |   3949 |   8264 |  10 | 1472.0 |
          Lair |  13312 |  13034 |    278 |   7262 |   4246 |   5 | 2662.4 |
               +--------+--------+--------+--------+--------+-----+--------+

Top non-repeatable levels by time:
  Lair:4: 6379 daAuts
  Lair:1: 2714 daAuts
     D:9: 2689 daAuts
     D:7: 2295 daAuts
     D:6: 2049 daAuts
  Lair:2: 1960 daAuts
     D:8: 1468 daAuts
     D:5: 1359 daAuts
  Lair:5: 1291 daAuts
     D:4: 1230 daAuts
     D:2: 1090 daAuts
     D:3: 967 daAuts
  Lair:3: 966 daAuts
     D:1: 949 daAuts
    D:10: 619 daAuts
